 Dungeon Crawl Stone Soup version 0.31-a0-277-g31ea1f65cc (webtiles) character file.

Game seed: 14657836913682122051

8213 Ofeo the Mimic (level 11, -12/95 HPs)
             Began as a Green Draconian Shapeshifter on July 16, 2023.
             Was a Priest of Wu Jian.
             Mangled by a spectral orc knight
             ... wielding a +0 great sword
             ... summoned by Nergalle
              (17 damage)
             ... on level 10 of the Dungeon.
             The game lasted 00:16:48 (10874 turns).

Ofeo the Mimic (Green Draconian Shapeshifter)      Turns: 10874, Time: 00:16:48

Health: -12/95     AC:  7    Str: 21    XL:     11   Next: 7%
Magic:  11/11      EV: 14    Int:  9    God:    Wu Jian [***...]
Gold:   117        SH:  0    Dex: 12    Spells: 7/10 levels left

rFire   x .          .
                       - Unarmed
rCold   + . .        (no shield)
rNeg    + . .        (body armour unavailable)
rPois   +            (helmet currently unavailable)
rElec   +            (cloak currently unavailable)
rCorr   .            (gloves currently unavailable)
SInv    .            (boots currently unavailable)
Will    .....        e - amulet of regeneration
Stlth   ++           l - ring of Due Proportion {Ice *Corrode rElec Stlth+}
HPRegen 1.15/turn    C - ring of positive energy
MPRegen 0.12/turn

%: corrode self (3%)
@: brilliant, short of breath, beast-form, attractive, hasted, very quick
A: beast (slay +6), breathe noxious fumes, AC +7, unfitting armour, poison
resistance, cold-blooded
a: Breathe Noxious Fumes, Begin Untransformation, Renounce Religion, Wall Jump,
Serpent's Lash


You were on level 10 of the Dungeon.
You worshipped Wu Jian.
Wu Jian was most pleased with you.
You were a hulking beast.
You visited 2 branches of the dungeon, and saw 11 of its levels.

You collected 447 gold pieces.
You spent 330 gold pieces at shops.

Inventory:

Missiles
 s - 14 throwing nets
Jewellery
 e - an amulet of regeneration (around neck)
 l - the ring of Due Proportion (left hand) {Ice *Corrode rElec Stlth+}
   (You found it on level 3 of the Dungeon)

   [ring of ice]

   It enhances your ice magic.
   rF:        It makes you vulnerable to fire.
   rC:        It protects you from cold.
   rElec:     It insulates you from electricity.
   *Corrode:  It may corrode you when you take damage.
   Stlth:     It makes you more stealthy.
 u - a ring of see invisible
 y - a ring of fire
 C - a ring of positive energy (right hand)
Talismans
 b - a beast talisman
 c - a maw talisman
Wands
 v - a wand of iceblast (26) {@v4}
Scrolls
 g - 3 scrolls of fog
 k - a scroll of revelation
 p - 2 scrolls of torment
 w - a scroll of immolation
 A - 2 scrolls of amnesia
 F - 2 scrolls of enchant weapon
Potions
 a - 4 potions of lignification
 f - a potion of ambrosia
 h - a potion of haste {@q3}
 j - a potion of enlightenment
 n - a potion of might {unknown}
 o - 2 potions of attraction
 q - 2 potions of curing {@q1}
 r - a potion of magic
 x - a potion of brilliance
 z - a potion of berserk rage {unknown}
 B - a potion of resistance {@q6}
 E - a potion of degeneration {unknown}
 G - a potion of invisibility {unknown}


   Skills:
 + Level 8.8 Fighting
 + Level 7.3 Dodging
 + Level 8.0 Unarmed Combat
 + Level 9.7 Shapeshifting


You had 7 spell levels left.
You knew the following spells:

 Your Spells              Type           Power      Damage    Failure   Level
a - Vhi's Electric Charg  Tloc/Air       0%         N/A       77%         3

Your spell library contained the following spells:

 Spells                   Type           Power      Damage    Failure   Level
 Kiss of Death            Conj/Necr      0%         2d5       38%         1
 Sandblast                Erth           0%         2d4       38%         1
 Passwall                 Tmut/Erth      0%         N/A       52%         2
 Dazzling Flash           Conj/Hex       0%         N/A       77%         3
 Ozocubu's Armour         Ice            0%         N/A       77%         3
 Stone Arrow              Conj/Erth      0%         3d7       77%         3
 Animate Dead             Necr           0%         N/A       99%         4
 Flame Wave               Conj/Fire      0%         2d4       99%         4
 Iskenderun's Mystic Bla  Conj/Tloc      0%         2d3       99%         4
 Agony                    Necr           0%         N/A       100%        5
 Arcjolt                  Conj/Air       0%         1d10      100%        5
 Borgnjor's Vile Clutch   Necr/Erth      0%         N/A       100%        5
 Silence                  Hex/Air        0%         N/A       100%        5
 Death Channel            Necr           0%         N/A       100%        6
 Plasma Beam              Fire/Air       0%         2x1d10    100%        6
 Ozocubu's Refrigeration  Ice            0%         4d7       100%        7


Dungeon Overview and Level Annotations

Branches:
Dungeon (10/15)            Temple (1/1) D:4            Lair (0/5) D:9
    Orc: D:9-12

Altars:
Ashenzari
Cheibriados
Dithmenos
Elyvilon
Fedhas
Gozag
Hepliaklqana
Kikubaaqudgha
Makhleb
Nemelex Xobeh
Okawaru
Qazlal
Ru
Sif Muna
Trog
Uskayaw
Vehumet
Wu Jian
Xom
Yredelemnul
Zin
The Shining One

Shops:
D:7 :(=   D:10 **

Annotations:
D:3 Sigmund
D:4 exclusion: water moccasin
D:10 Nergalle


Innate Abilities, Weirdness & Mutations

You are a hulking beast.
Your limbs bulge with bestial killing power. (Slay +6)
You can breathe blasts of noxious fumes.
Your lurid green scales are hard. (AC +7)
You cannot fit into any form of body armour.
Your system is resistant to poisons. (rPois)
You are cold-blooded and may be slowed by cold attacks.


Message History

* * * LOW HITPOINT WARNING * * *
The yak attacks as you move away! The yak completely misses you.
You feel sick.
Nergalle points at you and mumbles some strange words.
Orcish apparitions take form around you.
You take 1 damage, and have 21/95 hp.
You feel sick.
The yak gores the plant.
The plant begins to die.
Nergalle gestures at you while chanting.
Orcish apparitions take form around you.
The spectral orc hits the plant with a +0 flail.
The plant begins to die.
Okay, then.
Okay, then.
Okay, then.
Aiming: Wall Jump
Press: ? - help, Dir - move target
Okay, then.
Okay, then.
It was a potion of brilliance.
You feel clever all of a sudden.
You feel sick. The yak closely misses you.
The yak gores the plant! x2
The spectral orc knight hits the plant with a +0 great sword!!
The spectral orc knight drains the plant.
The spectral orc knight hits you with a +0 great sword!
* * * LOW HITPOINT WARNING * * *
The spectral orc hits the plant with a +0 flail.
You take 17 damage, and have 4/95 hp.
It was a potion of attraction.
You feel attractive to monsters.
You feel sick.
You are no longer poisoned.
The yak gores you but does no damage.
The yak gores the plant!
The yak gores the plant!!
The spectral orc hits the plant with a +0 flail.
The spectral orc drains the plant.
The spectral orc knight hits the plant with a +0 great sword!
The spectral orc knight completely misses you.
Nergalle is attracted toward you.
It was a potion of haste.
You feel yourself speed up.
The yak gores the plant!
The spectral orc knight hits you with a +0 great sword!
You die...

## #.P~ ~PP...## .###.P♣♣
♣~.P...## ....P~P♣ ♣♣PPP....#
#####..P~P♣ ♣P~PP....#
#......P~~♣♣♣PP~.....#
#.....P~~~♣~P~~......#
#..$.....~ZYZP.......#
.........oYPPZZ.....##
.......§.YYYh#.....##
#........4########.#
#.........# #.# #.........# #[#
#.....#.### ##.# ......#)#
#..######## # ##.####.#
#.#.......# ..##
#.####.#########.#<......#
..!.##...##........##.#[......#


You could see Nergalle, an orange demon, a spectral orc (summoned), a spectral
orc warrior (summoned), 2 spectral orc knights and 5 yaks.

Vanquished Creatures
  Amaemon (D:10)
  Joseph (D:7)
  Psyche (D:9)
  A hornet (D:8)
  Prince Ribbit (D:8)
  A shadow (D:9)
  A wraith (D:9)
  A steam dragon (D:7)
  Eustachio (D:6)
  6 yaks
  Grum (D:5)
  3 basilisks (D:9)
  2 water moccasins
  2 orc warriors
  4 black bears
  A sky beast (D:8)
  2 ice beasts
  2 centaurs
  A wolf (D:4)
  A phantom (D:4)
  A kobold brigand (D:9)
  2 bullfrogs (D:8)
  3 gnoll sergeants (D:5)
  5 scorpions
  8 wights
  3 killer bees
  3 electric eels (D:10)
  A crimson imp (D:5)
  11 hounds
  4 jellies
  5 orc priests
  4 gnoll boudas
  3 iguanas
  Natasha (thrice) (D:3)
  6 orc wizards
  3 adders
  31 gnolls
  2 shadow imps
  2 white imps
  2 ufetubi
  5 dart slugs
  30 orcs
  7 bats
  6 endoplasms
  2 giant cockroaches
  5 goblins
  6 hobgoblins
  7 jackals
  15 kobolds
  5 quokkas
  7 ball pythons
  2 frilled lizards
  A rat (D:2)
234 creatures vanquished.

Vanquished Creatures (collateral kills)
  2 basilisks (D:9)
  An acid dragon (D:9)
  2 killer bees (D:9)
5 creatures vanquished.

Vanquished Creatures (others)
  2 killer bees (D:9)
  An ufetubus (D:7)
  An orc (D:10)
4 creatures vanquished.

Grand Total: 243 creatures vanquished

Notes
Turn   | Place    | Note
-------+----------+-------------------------------------------
     0 | D:1      | Ofeo the Draconian Shapeshifter began the quest for the
                  | Orb.
     0 | D:1      | Reached XP level 1. HP: 17/17 MP: 1/1
   422 | D:1      | Reached XP level 2. HP: 25/25 MP: 2/2
   845 | D:2      | Found a faded altar of an unknown god.
   853 | D:2      | Reached XP level 3. HP: 30/30 MP: 3/3
   949 | D:2      | Found a snail-covered altar of Cheibriados.
  1503 | D:3      | Identified the ring of Due Proportion {Ice *Corrode rElec
                  | Stlth+}
  1512 | D:3      | Noticed Sigmund
  1900 | D:3      | Reached XP level 4. HP: 35/37 MP: 4/4
  1941 | D:3      | Noticed Natasha
  1949 | D:3      | Killed Natasha
  2396 | D:3      | Noticed Natasha
  2403 | D:3      | Killed Natasha
  2404 | D:3      | Reached XP level 5. HP: 43/45 MP: 5/5
  2408 | D:3      | Learned a level 3 spell: Vhi's Electric Charge
  2476 | D:3      | Noticed Natasha
  2482 | D:3      | Killed Natasha
  2563 | D:4      | Reached skill level 4 in Shapeshifting
  2624 | D:4      | Noticed a black bear
  2644 | D:4      | Killed a black bear
  2645 | D:4      | Reached XP level 6. HP: 34/51 MP: 6/6
  2769 | D:4      | Noticed a water moccasin
  2890 | D:4      | Found a staircase to the Ecumenical Temple.
  2915 | Temple   | Entered the Ecumenical Temple
  2987 | Temple   | Became a worshipper of the Wu Jian Council
  3717 | D:5      | Entered Level 5 of the Dungeon
  3749 | D:4      | Your scales start taking on a lurid green colour.
  3749 | D:4      | Reached XP level 7. HP: 56/59 MP: 7/7
  3749 | D:4      | Gained mutation: Your system is resistant to poisons.
                  | (rPois) [Green Draconian growth]
  3761 | D:5      | Reached skill level 5 in Shapeshifting
  4063 | D:5      | Found a glowing silver altar of Zin.
  4130 | D:5      | Found a white marble altar of Elyvilon.
  4130 | D:5      | Found an ancient bone altar of Kikubaaqudgha.
  4131 | D:5      | Found a burning altar of Makhleb.
  4132 | D:5      | Found a sacrificial altar of Ru.
  4132 | D:5      | Found a hide-covered altar of Uskayaw.
  4133 | D:5      | Found an iron altar of Okawaru.
  4134 | D:5      | Found a shimmering altar of Xom.
  4134 | D:5      | Found a hazy altar of Hepliaklqana.
  4224 | D:5      | Reached * piety under Wu Jian
  4227 | D:5      | Reached skill level 5 in Fighting
  4227 | D:5      | Reached XP level 8. HP: 65/68 MP: 8/8
  4604 | D:5      | Reached skill level 6 in Shapeshifting
  4782 | D:5      | Got the Elucidation of Conjured Minerals
  4907 | D:5      | Noticed Grum
  4912 | D:5      | Killed Grum
  4913 | D:5      | Reached skill level 5 in Unarmed Combat
  5013 | D:5      | Found a shimmering blue altar of Sif Muna.
  5014 | D:5      | Found a glowing golden altar of the Shining One.
  5014 | D:5      | Found a bloodstained altar of Trog.
  5015 | D:5      | Found a stormy altar of Qazlal.
  5623 | D:5      | Reached skill level 5 in Dodging
  6219 | D:5      | Reached XP level 9. HP: 70/75 MP: 9/9
  6881 | D:6      | Reached skill level 7 in Shapeshifting
  6927 | D:6      | Noticed Eustachio
  6940 | D:6      | Killed Eustachio
  7193 | D:6      | Reached ** piety under Wu Jian
  7611 | D:7      | Found Tohueghu's Book Shoppe.
  7719 | D:7      | Found Jatigisch's Weapon Shoppe.
  8392 | D:7      | Found Coozicor's Jewellery Shoppe.
  8395 | D:7      | Bought an amulet of regeneration for 330 gold pieces
  8457 | D:7      | Noticed Joseph
  8465 | D:7      | Killed Joseph
  8466 | D:7      | Reached skill level 8 in Shapeshifting
  8685 | D:8      | Reached XP level 10. HP: 86/86 MP: 10/10
  8711 | D:8      | Noticed Prince Ribbit
  8721 | D:8      | Killed Prince Ribbit
  9725 | D:9      | Reached *** piety under Wu Jian
  9843 | D:9      | Reached skill level 9 in Shapeshifting
 10334 | D:9      | Identified the +4 dagger of Gudaloeh {heavy, rF+ Dex+3}
 10338 | D:9      | Found a staircase to the Lair.
 10591 | D:9      | Noticed Psyche
 10594 | D:9      | Killed Psyche
 10624 | D:9      | Found a basalt altar of Yredelemnul.
 10626 | D:9      | Found a shadowy altar of Dithmenos.
 10630 | D:9      | Found a sparkling altar of Nemelex Xobeh.
 10686 | D:10     | Entered Level 10 of the Dungeon
 10830 | D:10     | Found Oleloq's Assorted Antiques.
 10832 | D:10     | Found Rypna's Assorted Antiques.
 10834 | D:10     | Noticed Amaemon
 10856 | D:10     | Noticed an orange demon
 10864 | D:10     | Killed Amaemon
 10864 | D:10     | Noticed Nergalle
 10865 | D:10     | Reached XP level 11. HP: 31/95 MP: 11/11
 10872 | D:10     | HP: 4/95 [spectral orc knight/+0 great sword[Nergalle]
                  | (17)]
 10874 | D:10     | Mangled by a spectral orc knight

Illustrated notes

Levels and vault maps discovered:
D:1:      heliophobic_arrival_dark_side_of_the_moon, layout_rooms
D:2:      layout_basic, basic_altar, chequers_ecumenical_altar_island
D:3:      layout_loops_ring, uniq_natasha, uniq_sigmund
D:4:      layout_loops_ring, minmay_temple_entry_grid
D:5:      layout_cave_pods, nicolae_overflows_in_rows, serial_gnoll_camp,
          gnoll_camp_huts_moat, gnoll_camp_medium_01, grums_kennel,
          gnoll_camp_mini_hut, minmay_fire_ice_demons
D:6:      layout_basic, uniq_eustachio
D:7:      layout_basic, serial_shops, nicolae_shop_real_fake_doors, shop, shop,
          grunt_ministairs_4, nicolae_letterblocks [nicolae_letter_subblock,
          nicolae_letter_subblock, nicolae_letter_subblock,
          nicolae_letter_subblock, nicolae_letter_subblock,
          nicolae_letter_subblock, nicolae_letter_subblock,
          nicolae_letter_subblock, nicolae_letter_subblock,
          nicolae_letter_subblock, nicolae_letter_subblock,
          nicolae_letter_subblock, nicolae_letter_subblock,
          nicolae_letter_subblock, nicolae_letter_subblock,
          nicolae_letter_subblock, nicolae_letter_subblock,
          nicolae_letter_subblock, nicolae_letter_subblock,
          nicolae_letter_subblock, nicolae_letter_subblock,
          nicolae_letter_subblock, nicolae_letter_subblock,
          nicolae_letter_subblock, nicolae_letter_subblock], uniq_joseph
D:8:      minmay_recursive_quarters, layout_layer_cave, minivault_12,
          uniq_prince_ribbit1, uniq_grum
D:9:      layout_irregular_city, grunt_temple_overflow_diamond,
          erik_lair_dragon, uniq_psyche
D:10:     layout_rooms, serial_bayou, serial_bayou_lake_a, serial_bayou_pond_c,
          serial_bayou_pond_c, serial_bayou_lagoon_b, serial_bayou_pond_a,
          serial_shops, nicolae_shop_mannequins, shop, shop, shop, shop,
          kennysheep_windowed_goal, uniq_nergalle, uniq_amaemon
Temple:   hellmonk_temple_micro_hex

Skill      XL: |  1  2  3  4  5  6  7  8  9 10 |
---------------+-------------------------------+-----
Dodging        | 2 3 4 5 6 7 |  7.3
Fighting       | 3 4 5 6 7 8 |  8.8
Unarmed Combat | 3 4 5 6 8 |  8.0
Shapeshifting  | 4 5 6 8 9 |  9.7

Action                     |  1- 3 |  4- 6 |  7- 9 | 10-12 || total
---------------------------+-------+-------+-------+-------++-------
  Melee: Unarmed           |   109 |   134 |   345 |   143 ||   731
         Tailslap          |    12 |    23 |    53 |    27 ||   115
         Punch             |     3 |     7 |    13 |     9 ||    32
Ability: Lunge             |       |     8 |    37 |    17 ||    62
         Breathe Noxious F |       |       |    19 |    13 ||    32
         Whirlwind         |       |       |    10 |     4 ||    14
  Evoke: Wand              |       |       |       |     3 ||     3
    Use: Scroll            |     4 |       |     7 |     4 ||    15
         Potion            |       |       |     2 |     6 ||     8
   Stab: Sleeping          |     1 |     2 |     1 |     1 ||     5
         Confused          |       |       |    11 |    11 ||    22
 Armour: Skin              |    25 |    40 |    66 |    31 ||   162
  Dodge: Dodged            |    64 |    80 |   195 |   104 ||   443
         Form:             |     1 |       |       |       ||     1
         Beast             |     1 |       |       |       ||     1

Table legend: (Time is in decaauts)
 A = Elapsed time spent in this place.
 B = Non-inter-level travel time spent in this place.
 C = Inter-level travel time spent in this place.
 D = Time resting spent in this place.
 E = Time spent auto-exploring this place.
 F = Levels seen in this place.
 G = Mean time per level.
                   A        B        C        D        E       F      G
               +--------+--------+--------+--------+--------+-----+--------+
         Total |  10861 |  10498 |    363 |   1186 |   7423 |  11 |  987.4 |
       Dungeon |  10782 |  10425 |    357 |   1186 |   7358 |  10 | 1078.2 |
        Temple |     79 |     73 |      6 |      0 |     65 |   1 |   79.0 |
               +--------+--------+--------+--------+--------+-----+--------+

Top non-repeatable levels by time:
     D:5: 2807 daAuts
     D:9: 1426 daAuts
     D:4: 1336 daAuts
     D:3: 1026 daAuts
     D:7: 972 daAuts
     D:2: 832 daAuts
     D:6: 816 daAuts
     D:8: 709 daAuts
     D:1: 698 daAuts
    D:10: 157 daAuts
  Temple: 79 daAuts
